 Dungeon Crawl Stone Soup version 0.27-b1-41-gafb5482f4b (webtiles) character file.

Game seed: 7353371913064435139

102 Brandom the Chucker (level 5, 0/41 HPs)
             Began as a Human Hunter on July 28, 2021.
             Slain by an acid dragon (4 damage)
             ... on level 4 of the Dungeon.
             The game lasted 00:06:45 (3392 turns).

Brandom the Chucker (Human Hunter)                  Turns: 3392, Time: 00:06:45

Health: 0/41       AC:  3    Str: 14    XL:     5   Next: 5%
Magic:  5/5        EV: 12    Int: 11    God:
Gold:   106        SH:  0    Dex: 13    Spells: 4/4 levels left

rFire    . . .     SeeInvis .   a - +0 short sword
rCold    + . .     Faith    .   (no shield)
rNeg     . . .     Spirit   .   b - +0 leather armour
rPois    .         Reflect  .   (no helmet)
rElec    .         Harm     .   (no cloak)
rCorr    .         Rampage  .   (no gloves)
Will     .....                  (no boots)
Stlth    +.........             (no amulet)
HPRegen  0.13/turn              e - ring of protection from cold
MPRegen  0.09/turn              (no ring)

@: mighty
A: no striking features
a: no special abilities


You were on level 4 of the Dungeon.
You visited 1 branch of the dungeon, and saw 4 of its levels.

You collected 106 gold pieces.

Inventory:

Hand Weapons
 a - a +0 short sword (weapon)
Missiles
 c - 6 javelins (quivered)
 h - 24 poisoned darts
Armour
 b - a +0 leather armour (worn)
Jewellery
 e - a ring of protection from cold (left hand)
   (You found it on level 1 of the Dungeon)
 f - an amulet of faith {!P}
   (You found it on level 1 of the Dungeon)
Scrolls
 g - 2 scrolls of amnesia {unknown}
 j - a scroll of fog {unknown}
 l - a scroll of magic mapping {unknown}
 n - 3 scrolls of identify {unknown}
 p - a scroll of enchant weapon {unknown}
 q - a scroll of vulnerability {unknown}
Potions
 i - a potion of heal wounds {unknown}
 k - a potion of attraction {unknown}
 m - a potion of might
 o - a potion of degeneration {unknown}


   Skills:
 + Level 3.1 Fighting
 + Level 4.7 Throwing
 + Level 3.2 Dodging
 - Level 1.0 Stealth


You had 4 spell levels left.
You didn't know any spells.
Your spell library was empty.

Dungeon Overview and Level Annotations

Branches:
Dungeon (4/15)
 Temple: D:4-7

Altars:
Qazlal
Zin

Annotations:
D:4 1 transporter, T2blue's ghost, novice DDEE


Message History

The throwing net {!f} barely misses the acid dragon.
Throw: throwing net {!f}
Aim: an acid dragon (60% to hit)
You throw a throwing net {!f}.
The throwing net {!f} hits the acid dragon.
The acid dragon is caught in the net!
You strike the helpless acid dragon from behind!
You hit the acid dragon but do no damage.
The acid dragon struggles against the net.
You catch the helpless acid dragon completely off-guard!
You hit the acid dragon but do no damage.
The acid dragon spits acid at you. The splash of acid misses you.
The acid dragon struggles against the net.
You hear an angry hiss.
You hear a shout!
You hit the acid dragon but do no damage.
A quokka comes into view.
The acid dragon struggles against the net.
You catch the helpless acid dragon completely off-guard!
You hit the acid dragon.
The acid dragon struggles against the net.
You hit the acid dragon but do no damage.
The acid dragon spits acid at you. The splash of acid misses you.
The acid dragon struggles against the net.
You hear a shout! x3
You hit the acid dragon.
Here: an acid dragon (lightly wounded, entangled in a net, catching its breath) Item here: a throwing net {!f}.
The floor, spattered with blood.
You strike the helpless acid dragon from behind!
You hit the acid dragon.
The acid dragon struggles against the net.
The net rips apart, and the acid dragon comes free!
You hit the acid dragon. The acid dragon barely misses you.
The acid dragon claws you but does no damage.
You hit the acid dragon. The acid dragon bites you. The acid dragon misses you.
You hit the acid dragon. The acid dragon spits acid at you.
The splash of acid hits you!
You are splashed with acid!
* * * LOW HITPOINT WARNING * * *
It was a potion of might.
You feel very mighty all of a sudden. The acid dragon bites you.
* * * LOW HITPOINT WARNING * * *
The acid dragon claws you.
* * * LOW HITPOINT WARNING * * *
Unknown command.
You closely miss the acid dragon. The acid dragon bites you.
You die...

##..#.#.##.#####
+.##........... #####.
##..######## .# ....
#.##......© ..
...#####.#8.#...#. ..
........#...#.#$. #.
..##....#........
#.##..##.##...©#((..©...
.....rD@....#..#$.......
####<.##.#####.#K..#.#.
.... #.#####.#8K#...#
#### #).)..))##W.....
#######.)#######
##........ #.#.####.
...... ....#.#


You could see an acid dragon and a quokka.

Vanquished Creatures
  4 adders
  5 orcs (D:4)
  4 endoplasms
  2 giant cockroaches (D:1)
  4 goblins
  3 hobgoblins
  13 jackals (D:1)
  2 kobolds
  8 ball pythons
  6 bats
  A frilled lizard (D:1)
  3 rats
55 creatures vanquished.

Notes
Turn   | Place    | Note
-------+----------+-------------------------------------------
     0 | D:1      | Brandom the Human Hunter began the quest for the Orb.
     0 | D:1      | Reached XP level 1. HP: 16/16 MP: 1/1
   288 | D:1      | Reached XP level 2. HP: 15/22 MP: 2/2
   969 | D:1      | Reached XP level 3. HP: 26/28 MP: 3/3
  1515 | D:1      | Found a faded altar of an unknown god.
  1988 | D:2      | Reached XP level 4. HP: 19/34 MP: 4/4
  2371 | D:2      | Found a stormy altar of Qazlal.
  3251 | D:4      | Noticed T2blue's ghost (novice DDEE)
  3253 | D:4      | Found a transporter.
  3265 | D:4      | Found a glowing silver altar of Zin.
  3288 | D:4      | Reached XP level 5. HP: 29/41 MP: 5/5
  3377 | D:4      | Noticed an acid dragon
  3392 | D:4      | Slain by an acid dragon

Illustrated notes

Levels and vault maps discovered:
D:1:      minmay_arrival_diagonal_passages, layout_basic,
          dreamdust_ecumenical_altar_statues
D:2:      layout_loops_ring, basic_altar
D:3:      layout_basic, uniq_ijyb
D:4:      layout_loops_cross, mainiacjoe_overflow_surrounded_room,
          grunt_temple_overflow_open, minmay_temple_entry_water_ring,
          gammafunk_ghost_arena

Skill      XL: |  1  2  3  4 |
---------------+-------------+-----
Dodging        | 3 |  3.2
Fighting       | 3 |  3.1
Throwing       | |  4.7
Stealth        | |  1.0

Action                   |  1- 3 |  4- 6 || total
-------------------------+-------+-------++-------
Melee: Short sword       |   166 |    58 ||   224
Throw: Javelin           |     4 |     6 ||    10
       Throwing net      |       |     2 ||     2
  Use: Potion            |       |     1 ||     1
 Stab: Sleeping          |     5 |     2 ||     7
       Held in net/web   |       |     4 ||     4
Armor: Leather armour    |    55 |    18 ||    73
Dodge: Dodged            |   102 |    32 ||   134
